 Dungeon Crawl Stone Soup version 0.17.0-1-g61d176b (console) character file.

56 gw the Stinger (level 3, 0/32 HPs)
             Began as a Naga Venom Mage on Nov 7, 2015.
             Slain by gw's ghost (14 damage)
             ... on level 3 of the Dungeon.
             The game lasted 00:01:56 (2246 turns).

gw the Stinger (Naga Venom Mage)                    Turns: 2246, Time: 00:01:56

Health: 0/32       AC:  2    Str: 10    XL:     3   Next: 95%
Magic:  4/6        EV:  9    Int: 16    God:
Gold:   106        SH:  0    Dex: 11    Spells: 1 memorised, 5 levels left

rFire  . . .     SeeInvis +     a - +0 mace
rCold  . . .     Clarity  .     d - +0 leather armour
rNeg   . . .     SustAt   .     (no shield)
rPois  +         Gourm    .     (no helmet)
rElec  .         Spirit   .     (no cloak)
rCorr  .         Warding  .     (no gloves)
rMut   .         Stasis   .     (no barding)
MR     .....                    (no amulet)
Stlth  ++........               (no ring)
                                (no ring)

@: very slow, not resistant to hostile enchantments, unstealthy
A: see invisible, deformed body, poison resistance, slowness 2, slow metabolism
1, spit poison 2, AC +1
a: Spit Poison


You were on level 3 of the Dungeon.
You were not hungry.

You visited 1 branch of the dungeon, and saw 3 of its levels.

You collected 106 gold pieces.

Inventory:

Hand Weapons
 a - a +0 mace (weapon)
Armour
 d - a +0 leather armour (worn)
Books
 b - a Young Poisoner's Handbook

   Spells                             Type                      Level
   a - Sting                          Conjuration/Poison           1
   b - Cure Poison                    Poison                       2
   c - Mephitic Cloud                 Conjuration/Poison/Air       3
   d - Olgreb's Toxic Radiance        Poison                       4
   e - Venom Bolt                     Conjuration/Poison           5
Comestibles
 c - 4 bread rations


   Skills:
 * Level 2.0 Fighting
 + Level 1.3 Maces & Flails
 + Level 2.0 Dodging
 - Level 3.0 Stealth
 + Level 2.3 Spellcasting
 - Level 5.3 Poison Magic


You had 5 spell levels left.
You knew the following spells:

 Your Spells              Type           Power        Failure   Level  Hunger
a - Sting                 Conj/Pois      ##..         12%         1    #......


Dungeon Overview and Level Annotations

Branches:
Dungeon (3/15)

Altars:
Ashenzari

Annotations:
D:3 gw's ghost, amateur MiFi


Innate Abilities, Weirdness & Mutations

You cannot wear boots.
Your serpentine skin is tough (AC +1).
You have supernaturally acute eyesight.
Armour fits poorly on your strangely shaped body.
Your system is resistant to poisons.
You cover ground very slowly.
You have a slow metabolism.
You can spit poison.


Message History

Unknown command.
Unknown command.
Unknown command.
Attempting RANGED ATTACK TO (3,-1); ATTACKING (1,0)
You swing at nothing.
Unknown command.
Unknown command.
Unknown command.
Unknown command.
Attempting RANGED ATTACK TO (2,0); ATTACKING (1,0)
You swing at nothing.
You have got your breath back.
A giant newt comes into view.
Unknown command.
Unknown command.
Unknown command.
Unknown command.
MOVING TO (0,-1) Gw's ghost hits you! x2
You die...

#######...
#N<...?...
#.W.....##
#.).....#
..).....#
##.......#
#.......#
#.......#
#..l....#
#.......#


You could see gw's ghost and a giant newt (wandering).

Table legend:
 A = Turns spent in this place as a percentage of turns spent in the entire game.
 B = Non-inter-level travel turns spent in this place as a percentage of non-inter-level travel turns spent in the entire game.
 C = Inter-level travel turns spent in this place as a percentage of turns spent in this place.
 D = Turns resting spent in this place as a percentage of non-inter-level travel turns spent in this place.
 E = Turns spent auto-exploring this place as a percentage of non-inter-level travel turns spent in this place.
 F = Non-inter-level travel turns spent in this place divided by the number of levels of this place that you've seen.
                   A       B       C       D       E      F
               +-------+-------+-------+-------+-------+----------------------
         Total | 100.0 | 100.0 |   0.3 |   3.0 |   2.8 | 848.7
       Dungeon | 100.0 | 100.0 |   0.3 |   3.0 |   2.8 | 848.7
               +-------+-------+-------+-------+-------+----------------------

Table legend:
 A = Kills in this place as a percentage of kills in entire the game.
 B = Kills by you in this place as a percentage of kills by you in the entire game.
 C = Kills by friends in this place as a percentage of kills by friends in the entire game.
 D = Other kills in this place as a percentage of other kills in the entire game.
 E = Experience gained in this place as a percentage of experience gained in the entire game.
 F = Experience gained in this place divided by the number of levels of this place that you have seen.
                   A       B       C       D       E      F
               +-------+-------+-------+-------+-------+----------------------
         Total | 100.0 | 100.0 |  -nan |  -nan | 100.0 |  26.7
       Dungeon | 100.0 | 100.0 |  -nan |  -nan | 100.0 |  26.7
               +-------+-------+-------+-------+-------+----------------------

Vanquished Creatures
  2 adders (D:2)
  An ooze (D:3)
  A worm (D:2)
  3 bats (D:2)
  2 giant cockroaches
  5 goblins
  5 hobgoblins
  A ball python (D:1)
  4 giant newts
  9 kobolds
  A rat (D:2)
34 creatures vanquished.

Notes
Turn   | Place    | Note
--------------------------------------------------------------
     0 | D:1      | gw the Naga Venom Mage began the quest for the Orb.
     0 | D:1      | Reached XP level 1. HP: 15/15 MP: 3/3
   358 | D:1      | Reached XP level 2. HP: 19/24 MP: 0/5
   746 | D:2      | Reached skill level 1 in Fighting
  1126 | D:2      | Reached XP level 3. HP: 31/31 MP: 0/6
  1180 | D:2      | Reached skill level 1 in Maces & Flails
  1276 | D:2      | Found a shattered altar of Ashenzari.
  2241 | D:3      | Noticed gw's ghost (amateur MiFi)
  2246 | D:3      | Slain by gw's ghost

Action                   || total
-------------------------++-------
Melee: Mace              ||    22
 Cast: Sting             ||    72
 Abil: Spit Poison       ||     2
  Eat: Chunk             ||     4

Vault maps used:
D:1:      minmay_arrival_diagonal_passages, serial_curves, eino_curves_02,
          eino_curves_04
D:2:      grunt_ministairs_15, evilmike_ruin_ashenzari
D:3:      zin_purify
